 Dungeon Crawl Stone Soup version 0.20.1-1-g8b1a95d (webtiles) character file.

89 Nidhoragg the Firebug (level 4, 0/33 HPs)
             Began as a Draconian Fire Elementalist on July 29, 2017.
             Slain by tape's ghost (7 damage)
             ... on level 3 of the Dungeon.
             The game lasted 00:38:29 (2417 turns).

Nidhoragg the Firebug (Draconian Fire Elementalist) Turns: 2417, Time: 00:38:30

Health: 0/33       AC:  8    Str: 15    XL:     4   Next: 31%
Magic:  6/8        EV: 12    Int: 17    God:
Gold:   83         SH:  0    Dex: 11    Spells: 2/8 levels left

rFire    . . .     SeeInvis .   k - -3 dagger (curse)
rCold    . . .     Gourm    .   (no shield)
rNeg     . . .     Faith    .   (armour unavailable)
rPois    .         Spirit   .   (helmet restricted)
rElec    .         Reflect  .   (no cloak)
rCorr    .         Harm     .   (no gloves)
MR       .....                  g - +2 pair of boots
Stlth    ++........             (no amulet)
Regen    0.2/turn               (no ring)
MPRegen  0.2/turn               (no ring)

@: mighty, flying (expiring)
A: unfitting armour, cold-blooded, AC +5
a: no special abilities


You were on level 3 of the Dungeon.
You were hungry.

You visited 1 branch of the dungeon, and saw 4 of its levels.

You collected 83 gold pieces.

Inventory:

Hand Weapons
 f - a +0 short sword
 k - a cursed -3 dagger (weapon)
 o - a +0 dagger
Missiles
 j - 13 poisoned needles
Armour
 g - a +2 pair of boots (worn)
Scrolls
 d - a scroll of remove curse
Potions
 p - a potion of curing
 r - a potion of flight
Books
 a - a book of Flames

   Spells                             Type                      Level
   a - Flame Tongue                   Conjuration/Fire             1
   b - Throw Flame                    Conjuration/Fire             2
   c - Conjure Flame                  Conjuration/Fire             3
   d - Inner Flame                    Hexes/Fire                   3
   e - Sticky Flame                   Conjuration/Fire             4
   f - Fireball                       Conjuration/Fire             5
Comestibles
 b - 2 bread rations
 n - a meat ration
 q - a royal jelly
 t - 2 chunks of flesh


   Skills:
 + Level 2.0 Dodging
 + Level 2.0 Stealth
 + Level 2.9 Spellcasting
 + Level 2.0 Conjurations
 + Level 3.8 Fire Magic


You had 2 spell levels left.
You knew the following spells:

 Your Spells              Type           Power        Failure   Level  Hunger
a - Flame Tongue          Conj/Fire      ##...        5%          1    None
b - Throw Flame           Conj/Fire      ##....       8%          2    ##.....
c - Conjure Flame         Conj/Fire      ##......     16%         3    ###....


Dungeon Overview and Level Annotations

Branches:
Dungeon (4/15)
 Temple: D:4-7

Altars:
Zin

Annotations:
D:3 tape's ghost, amateur FoSk


Innate Abilities, Weirdness & Mutations

Your plain brown scales are hard. (AC +5)
You cannot fit into any form of body armour.
You are cold-blooded and may be slowed by cold attacks.


Message History

The goblin hits you but does no damage. Tape's ghost barely misses you.
Tape's ghost's inner flame fades away.
The orc shouts!
You hear a shout!
The orc's inner flame fades away.
Tape's ghost barely misses you. Tape's ghost closely misses you.
An orc priest comes into view. It is wielding a hand axe.
Casting: Flame Tongue
Confirm with . or Enter, or press ? or * to list all spells.
Aiming: Flame Tongue
Press: ? - help, Shift-Dir - straight line, f/p - tape's ghost
Aim: tape's ghost (water, shrouded)
The flame tongue misses tape's ghost.
You hear a splash.
You feel a bit more experienced.
Careful!
You are starting to lose your buoyancy.
Tape's ghost is engulfed in a cloud of scalding steam.
Tape's ghost hits you!
You die...

#..,,......,,...*
##..###≈..≈###..,*
#..#...#w≈#...#,,*
#..#.⌠.#≈≈#.⌠.#..#
#..#...#≈≈#...#..#
#...###≈≈≈≈###...#
#.....≈≈≈≈≈≈.....# **
#.....o≈≈≈≈g.....# ,*
#...###≈@≈≈###...# <*
#..#.o.#W≈#...#..#### ,*
#..#.⌠.#§≈#.⌠.#.....##### ,*
#..#...#o≈#...#.###.ol... ,*
####...###≈..≈###..# ####### ,*
#.....!............# ,*
####.....#####o#.### ,*
#...#######...#####
,*******#.#..>.o..........#****


You could see a worm, an orc priest, tape's ghost, 2 orcs and a goblin.

Vanquished Creatures
  3 adders
  A worm (D:2)
  A dart slug (D:1)
  7 leopard geckos
  2 orcs
  A ball python (D:1)
  3 giant cockroaches
  6 hobgoblins
  6 kobolds
  A quokka (D:3)
  3 bats
  2 frilled lizards (D:2)
  6 goblins
  6 rats
48 creatures vanquished.

Notes
Turn   | Place    | Note
-------+----------+-------------------------------------------
     0 | D:1      | Nidhoragg the Draconian Fire Elementalist began the quest for the Orb.
     0 | D:1      | Reached XP level 1. HP: 14/14 MP: 3/3
   374 | D:1      | Reached XP level 2. HP: 19/20 MP: 1/5
  1046 | D:2      | Reached XP level 3. HP: 25/26 MP: 1/6
  1050 | D:2      | Learned a level 2 spell: Throw Flame
  1054 | D:2      | Learned a level 3 spell: Conjure Flame
  1768 | D:2      | Found a glowing silver altar of Zin.
  2144 | D:3      | Found a faded altar of an unknown god.
  2163 | D:3      | Reached XP level 4. HP: 23/33 MP: 2/8
  2198 | D:3      | Noticed tape's ghost (amateur FoSk)
  2417 | D:3      | Slain by tape's ghost

Skill      XL: |  1  2  3  4 |
---------------+-------------+-----
Stealth        | 2 |  2.0
Dodging        | 2 |  2.0
Conjurations   | 2 |  2.0
Spellcasting   | |  2.9
Fire Magic     | |  3.8

Action                   |  1- 3 |  4- 6 || total
-------------------------+-------+-------++-------
Melee: Dagger            |    14 |     5 ||    19
 Cast: Flame Tongue      |    71 |    15 ||    86
       Throw Flame       |    13 |       ||    13
       Conjure Flame     |     2 |       ||     2
  Use: Scroll            |       |     7 ||     7
       Potion            |       |     3 ||     3
  Eat: Chunk             |     5 |     1 ||     6
Armor: Skin              |    31 |    10 ||    41
Dodge: Dodged            |    67 |    15 ||    82
